 Dungeon Crawl Stone Soup version 0.26.1-11-gd32895ea62 (webtiles) character file.

Game seed: 1115801677811586784

2264 Almogavar the Carver (level 9, 0/118 HPs)
             Began as a Minotaur Berserker on July 8, 2021.
             Was a Priest of Trog.
             Slain by an orc warrior
             ... wielding the +5 long sword "Miumit" {vorpal, rPois rF+}
              (4 damage)
             ... on level 6 of the Dungeon.
             The game lasted 00:16:04 (7510 turns).

Almogavar the Carver (Minotaur Berserker)           Turns: 7510, Time: 00:16:04

Health: 0/118      AC:  8    Str: 25    XL:     9   Next: 16%
Magic:  8/8        EV: 11    Int:  4    God:    Trog [***...]
Gold:   353        SH:  3    Dex: 10    Spells: 8/8 levels left

rFire    . . .     SeeInvis .   a - +1 falchion
rCold    . . .     Faith    .   D - +0 buckler
rNeg     . . .     Spirit   .   E - +0 scale mail
rPois    .         Reflect  .   (helmet restricted)
rElec    .         Harm     .   (no cloak)
rCorr    .         Rampage  .   g - +0 pair of gloves
Will     ++...                  (no boots)
Stlth    ..........             (no amulet)
HPRegen  1.29/turn              m - +4 ring of slaying
MPRegen  0.11/turn              q - ring of stealth

@: berserking, regenerating, very quick
A: retaliatory headbutt, horns 2
a: Renounce Religion, Berserk, Trog's Hand


You were on level 6 of the Dungeon.
You worshipped Trog.
Trog was most pleased with you.
You visited 1 branch of the dungeon, and saw 6 of its levels.

You collected 353 gold pieces.

Inventory:

Hand Weapons
 a - a +1 falchion (weapon)
Missiles
 o - 207 stones
 r - 18 bolts
 H - 51 sling bullets
Armour
 b - a +0 kite shield
 g - a +0 pair of gloves (worn)
 v - a +0 chain mail
 D - a +0 buckler (worn)
 E - a +0 scale mail (worn)
Jewellery
 m - a +4 ring of slaying (left hand)
 p - an uncursed ring of resist corrosion
 q - a ring of stealth (right hand)
 C - an uncursed ring of ice
Wands
 c - a wand of paralysis (2)
 B - a wand of acid (7)
Scrolls
 d - a scroll of blinking
 e - 4 scrolls of remove curse
 f - 4 scrolls of teleportation
 i - 2 scrolls of enchant weapon
 t - a scroll of enchant armour {unknown}
 u - 3 scrolls of immolation {unknown}
 y - a scroll of random uselessness {unknown}
 A - a scroll of fear {unknown}
 F - a scroll of brand weapon {unknown}
Potions
 h - 2 potions of magic
 j - 5 potions of curing
 k - a potion of cancellation
 l - 2 potions of haste
 n - 2 potions of might
 s - a potion of heal wounds
 w - a potion of ambrosia {unknown}
 x - a potion of resistance {unknown}
 z - a potion of attraction {unknown}
 G - a potion of degeneration {unknown}


   Skills:
 + Level 7.4 Fighting
 + Level 10.7 Long Blades
 + Level 3.3 Armour
 + Level 5.4 Dodging
 + Level 3.9 Stealth
 + Level 0.7 Shields
 + Level 0.1 Evocations


You had 8 spell levels left.
You didn't know any spells.
Your spell library was empty.

Dungeon Overview and Level Annotations

Branches:
Dungeon (6/15)             Temple (0/1) D:4

Altars:
Kikubaaqudgha
Zin
Beogh

Annotations:
D:6 boben's ghost, novice GnTm


Innate Abilities, Weirdness & Mutations

You reflexively headbutt those who attack you in melee.
You have a pair of horns on your head.


Message History

You feel yourself moving faster!
You feel mighty!
You closely miss the orc warrior.
The orc warrior is heavily wounded.
The orc warrior hits you with the +5 long sword "Miumit" {vorpal, rPois rF+}!!
* * * LOW HITPOINT WARNING * * *
x2 You barely miss the orc warrior.
Your headbutt misses the orc warrior.
The orc warrior is heavily wounded.
The orc priest looks braver for a moment.
You closely miss the orc warrior.
The orc warrior is heavily wounded.
The orc warrior hits you with the +5 long sword "Miumit" {vorpal, rPois rF+}!
* * * LOW HITPOINT WARNING * * *
x2 You hit the orc warrior.
The orc warrior is heavily wounded.
You hit the orc warrior but do no damage.
You headbutt the orc warrior.
The orc warrior is severely wounded.
The orc warrior hits you with the +5 long sword "Miumit" {vorpal, rPois rF+}!
* * * LOW HITPOINT WARNING * * *
You die...

.......# #........#
.#####.# ###.....##
.# ##.# #####.# .#
##..# #.# .###...##
#.# .##.....# #.#
.###...## #.# .#
##.## #.# .# #.#
#@# ## #.# #o# #.#
###o# # #.# #.oW#
## #.#
######.#o###### .##
#.#8......ooo....8#
..#
#.#######'''#######
.##
#.##.............#
##
#.##....#####....#


You could see 2 orc warriors, an orc priest, boben's ghost and 3 orcs.

Vanquished Creatures
  Prince Ribbit (D:6)
  The ghost of kalagan the Conjurer, an amateur DECj (D:4)
  Duvessa (D:5)
  2 orc warriors (D:6)
  An ice beast (D:6)
  A phantom (D:5)
  3 centaurs
  3 bullfrogs (D:6)
  A gnoll sergeant (D:4)
  Dowan (D:5)
  3 scorpions
  A bullfrog zombie (D:5)
  A hound (D:5)
  4 orc wizards
  An orc priest (D:6)
  A bullfrog skeleton (D:5)
  A centaur skeleton (D:4)
  A jelly (D:6)
  6 worker ants
  A hound skeleton (D:4)
  A worker ant zombie (D:5)
  8 adders
  10 gnolls
  2 shadow imps
  A white imp (D:6)
  An ufetubus (D:5)
  2 oozes (D:3)
  2 worms
  3 dart slugs
  4 leopard geckos
  15 orcs
  3 giant cockroaches
  10 goblins
  12 hobgoblins
  4 jackals (D:1)
  5 kobolds
  2 quokkas
  7 bats (D:3)
  12 frilled lizards
  A leopard gecko skeleton (D:4)
  A quokka skeleton (D:6)
  4 rats
145 creatures vanquished.

Vanquished Creatures (others)
  6 plants (D:4)
6 creatures vanquished.

Grand Total: 151 creatures vanquished

Notes
Turn   | Place    | Note
-------+----------+-------------------------------------------
     0 | D:1      | Almogavar the Minotaur Berserker began the quest for the
                  | Orb.
     0 | D:1      | Reached XP level 1. HP: 19/19 MP: 0/0
   462 | D:1      | Reached XP level 2. HP: 27/27 MP: 1/1
   484 | D:1      | Reached skill level 4 in Long Blades
   906 | D:2      | Reached XP level 3. HP: 23/33 MP: 2/2
  1241 | D:2      | Reached ** piety under Trog
  2145 | D:3      | Reached XP level 4. HP: 39/41 MP: 3/3
  2426 | D:3      | Got a wizard robe
  2437 | D:3      | Identified the +1 robe of Inevitability {MP-9 Str+5 Int+7}
                  | (You found it on level 3 of the Dungeon)
  2619 | D:3      | Reached skill level 5 in Long Blades
  2819 | D:3      | Reached *** piety under Trog
  3080 | D:3      | Reached XP level 5. HP: 41/47 MP: 0/4
  3551 | D:4      | Found a staircase to the Ecumenical Temple.
  3725 | D:4      | Reached skill level 1 in Stealth
  3729 | D:4      | Reached skill level 6 in Long Blades
  3942 | D:4      | Reached XP level 6. HP: 50/55 MP: 0/5
  4083 | D:4      | Reached skill level 5 in Fighting
  4279 | D:4      | Found a transporter.
  4284 | D:4      | Found a transporter.
  4550 | D:4      | Noticed kalagan's ghost (amateur DECj)
  4557 | D:4      | Killed kalagan's ghost
  4566 | D:4      | Reached skill level 7 in Long Blades
  4672 | D:4      | HP: 3/84 [gnoll sergeant/+5 trident of electrocution (6)]
  4674 | D:4      | Reached XP level 7. HP: 4/61 MP: 0/6
  4969 | D:5      | Entered Level 5 of the Dungeon
  5197 | D:5      | Reached skill level 8 in Long Blades
  5286 | D:5      | Found an ancient bone altar of Kikubaaqudgha.
  5582 | D:5      | Noticed Duvessa
  5582 | D:5      | Noticed Dowan
  5593 | D:5      | Killed Dowan
  5596 | D:5      | Reached XP level 8. HP: 24/70 MP: 0/7
  5596 | D:5      | Killed Duvessa
  5597 | D:5      | Reached skill level 9 in Long Blades
  6257 | D:6      | Noticed Prince Ribbit
  6267 | D:6      | Killed Prince Ribbit
  6268 | D:6      | Reached skill level 5 in Dodging
  6335 | D:6      | Reached skill level 10 in Long Blades
  6869 | D:6      | Reached XP level 9. HP: 71/78 MP: 8/8
  7243 | D:6      | Found a glowing silver altar of Zin.
  7473 | D:6      | Found a runed translucent gate.
  7475 | D:6      | Found a runed translucent gate.
  7476 | D:6      | Noticed boben's ghost (novice GnTm)
  7477 | D:6      | Found a runed translucent gate.
  7479 | D:6      | Identified the +5 long sword "Miumit" {vorpal, rPois rF+}
  7479 | D:6      | Identified the cursed +0 chain mail "Kuodd" {*Slow rElec
                  | rCorr Int+3 SInv}
  7480 | D:6      | Found a roughly hewn altar of Beogh.
  7510 | D:6      | HP: 4/118 [orc warrior/the +5 long sword "Miumit" {vorpal,
                  | rPois rF+} (11)]
  7510 | D:6      | Slain by an orc warrior

Illustrated notes

Levels and vault maps discovered:
D:1:      minmay_arrival_glassed_features, layout_basic
D:2:      layout_basic
D:3:      minmay_diamond_boxcup, layout_loops_corners, minmay_hedge_maze
D:4:      layout_cave_pools, minmay_temple_entry_overgrown,
          gammafunk_ghost_gnarly_gnolls, minmay_misc_feat_more_columns
D:5:      layout_basic, lemuel_round_altar, uniq_duvessa
D:6:      layout_loops_ring, nicolae_overflow_crystal_walls,
          biasface_ghost_orc_armoury, uniq_prince_ribbit1

Skill      XL: |  1  2  3  4  5  6  7  8  9 |
---------------+----------------------------+-----
Long Blades    | 4 5 6 7 8 10 | 10.7
Fighting       | 4 5 6 7 |  7.4
Armour         | 3 |  3.3
Dodging        | 3 4 5 |  5.4
Stealth        | 1 2 3 |  3.9
Shields        | |  0.7
Evocations     | |  0.1

Action                   |  1- 3 |  4- 6 |  7- 9 || total
-------------------------+-------+-------+-------++-------
Melee: Falchion          |    72 |    98 |   117 ||   287
       Headbutt          |     7 |    24 |    33 ||    64
Invok: Berserk           |       |     2 |     4 ||     6
       Trog's Hand       |       |     2 |     2 ||     4
Evoke: Wand              |       |       |     1 ||     1
  Use: Scroll            |     2 |     6 |     5 ||    13
       Potion            |       |     1 |       ||     1
 Stab: Sleeping          |       |     5 |     1 ||     6
       Distracted        |       |       |     1 ||     1
Armor: Animal skin       |     7 |       |       ||     7
       Leather armour    |    10 |     4 |       ||    14
       Robe              |       |    11 |    18 ||    29
       Scale mail        |       |       |     6 ||     6
Dodge: Dodged            |    45 |    60 |    75 ||   180
Block: Buckler           |       |       |    13 ||    13
       Rpst.: Falchion   |    11 |    12 |    19 ||    42
